 Dungeon Crawl Stone Soup version 0.19.0-2-gae57169 (webtiles) character file.

200 eeldvark the Slasher (level 5, -7/58 HPs)
             Began as a Demonspawn Gladiator on Nov 6, 2016.
             Was an Initiate of Okawaru.
             Mangled by an orc wizard
             ... wielding a +0 dagger of electrocution
              (19 damage)
             ... on level 3 of the Dungeon.
             The game lasted 00:14:47 (2895 turns).

eeldvark the Slasher (Demonspawn Gladiator)         Turns: 2895, Time: 00:14:47

Health: -7/58      AC: 22    Str: 15    XL:     5   Next: 48%
Magic:  5/5        EV:  2    Int: 10    God:    Okawaru [......]
Gold:   193        SH:  0    Dex: 14    Spells: 0 memorised, 4 levels left

rFire  . . .     SeeInvis .     a - +0 long sword
rCold  . . .     Gourm    .     (armour currently unavailable)
rNeg   + + +     Faith    .     (no shield)
rPois  +         Spirit   .     (helmet currently unavailable)
rElec  .         Reflect  .     (cloak currently unavailable)
rCorr  .         Harm     .     (gloves currently unavailable)
MR     .....     NoTele   +     (boots currently unavailable)
Stlth  +.........               (no amulet)
                                (no ring)
                                (no ring)

@: tree-form (expiring)
A: (claws 0), rugged brown scales 1
a: Renounce Religion


You were on level 3 of the Dungeon.
You worshipped Okawaru.
Okawaru was noncommittal.
You were not hungry.
You were a tree.
You visited 1 branch of the dungeon, and saw 3 of its levels.

You collected 193 gold pieces.

Inventory:

Hand Weapons
 a - a +0 long sword (weapon)
Armour
 b - a +0 leather armour (melded)
 c - a +0 helmet (melded)
 t - a +2 pair of gloves (melded)
Jewellery
 g - an uncursed ring of poison resistance {unknown}
Scrolls
 e - a scroll of fear {unknown}
 h - 3 scrolls of identify {unknown}
 j - a scroll of random uselessness {unknown}
 k - a scroll of magic mapping {unknown}
 r - a scroll of fog {unknown}
 u - 2 scrolls of recharging {unknown}
 v - a scroll of remove curse {unknown}
Potions
 i - a potion of might {unknown}
 l - a potion of curing
 n - 2 potions of cancellation {unknown}
 p - 2 potions of brilliance {unknown}
 q - a potion of lignification
 w - a potion of degeneration {unknown}
 z - a potion of heal wounds {unknown}
Comestibles
 d - a royal jelly
 f - 2 bread rations
 s - a meat ration


   Skills:
 - Level 2.0 Fighting
 + Level 5.7 Long Blades
 - Level 1.7 Throwing
 - Level 2.6 Dodging


You had 4 spell levels left.
You didn't know any spells.

Dungeon Overview and Level Annotations

Branches:
Dungeon (3/15)

Altars:
Okawaru
Sif Muna


Innate Abilities, Weirdness & Mutations

((You have sharp fingernails.))
(You are partially covered in rugged brown scales. (AC +1, +3% HP))


Message History

The gnoll hits you but does no damage.
You closely miss the orc wizard.
The orc wizard hits you but does no damage.
The gnoll hits you but does no damage.
You hit the orc wizard but do no damage.
The orc wizard hits you but does no damage.
The orc wizard casts a spell.
The orc wizard blinks!
The gnoll hits you but does no damage. The gnoll hits you but does no damage.
Your transformation is almost over.
The gnoll barely misses you. The gnoll hits you but does no damage.
The gnoll hits you but does no damage. The gnoll hits you but does no damage.
The gnoll hits you but does no damage. The gnoll hits you but does no damage.
You hit the orc wizard but do no damage.
The orc wizard hits you but does no damage.
You are electrocuted!
You die...

.#####.#####.##.# #.# ##.# .# #.#
#.##.# #.# ##.#. .# #.# #.##.#
#.#######.### .#
##.#####.##.#####........## #
.####......#.##..<..#.###.###.###
.......###.#.##.###..## ##.###.#.
.####.## #.#.##.# #..# #.(....#
..###.####.#.##.###..## ##.###.##
...........>....♣.....###(.# #.#
..###..#####..#o######.((#.###.#
..†...........#g..####.)(#..##.##
...)..................(((........
...)..........................)..
.≈≈≈≈≈...≈≈≈..≈.......≈.≈≈.≈g..≈≈
≈≈≈≈≈≈≈≈≈≈≈≈≈≈≈≈≈....≈≈≈≈≈≈g≈≈≈≈≈
≈≈≈≈≈≈≈≈≈≈≈≈≈≈≈≈≈....o≈≈≈≈≈≈≈≈≈≈≈
≈≈≈≈≈≈≈≈≈≈≈≈≈≈≈≈≈....≈≈≈≈≈≈≈≈≈≈≈≈


You could see an orc wizard and a gnoll.

Vanquished Creatures
  7 adders
  3 gnolls (D:3)
  An ooze (D:2)
  A worm (D:2)
  A dart slug (D:2)
  2 leopard geckos
  11 bats
  7 giant cockroaches
  15 goblins
  13 hobgoblins
  6 jackals
  13 kobolds
  A frilled lizard (D:3)
  8 rats
89 creatures vanquished.

Notes
Turn   | Place    | Note
-------+----------+-------------------------------------------
     0 | D:1      | eeldvark the Demonspawn Gladiator began the quest for the Orb.
     0 | D:1      | Reached XP level 1. HP: 16/16 MP: 1/1
    91 | D:1      | Reached skill level 3 in Long Blades
   139 | D:1      | Gained mutation: You are partially covered in rugged brown scales. (AC +1, +3% HP) [demonic ancestry]
   139 | D:1      | Reached XP level 2. HP: 16/22 MP: 2/2
   396 | D:2      | Reached XP level 3. HP: 22/27 MP: 3/3
   412 | D:2      | Found a deep blue altar of Sif Muna.
   412 | D:2      | Found an iron altar of Okawaru.
   420 | D:2      | Became a worshipper of Warmaster Okawaru
   444 | D:2      | Reached skill level 4 in Long Blades
   594 | D:2      | Reached XP level 4. HP: 16/33 MP: 4/4
  1318 | D:3      | Reached skill level 5 in Long Blades
  1756 | D:3      | Gained mutation: You have sharp fingernails. [demonic ancestry]
  1756 | D:3      | Reached XP level 5. HP: 5/39 MP: 5/5
  2895 | D:3      | Mangled by an orc wizard

Skill      XL: |  1  2  3  4 |
---------------+-------------+-----
Long Blades    | 3 4 5 |  5.7
Fighting       | |  2.0
Throwing       | |  1.7
Dodging        | |  2.6

Action                   |  1- 3 |  4- 6 || total
-------------------------+-------+-------++-------
Melee: Long sword        |    88 |   194 ||   282
Throw: Throwing net      |     4 |     1 ||     5
  Use: Potion            |     2 |     2 ||     4
 Stab: Sleeping          |       |     1 ||     1
  Eat: Chunk             |       |     5 ||     5
       Pizza             |       |     1 ||     1
Armor: Leather armour    |    21 |    82 ||   103
       Skin              |       |    19 ||    19
Dodge: Dodged            |    63 |   135 ||   198
       Rpst.: Long sword |    21 |    34 ||    55
